 Dungeon Crawl Stone Soup version 0.18-a0-943-g2c08dd4 (webtiles) character file.

1276 JokEr the Fighter (level 8, -6/69 HPs)
             Began as a Formicid Fighter on Dec 28, 2015.
             Was a Follower of the Shining One.
             Engulfed by a cloud of freezing vapour (22 damage)
             ... on level 6 of the Dungeon.
             The game lasted 00:15:24 (5284 turns).

JokEr the Fighter (Formicid Fighter)                Turns: 5284, Time: 00:15:24

Health: -6/69      AC: 11    Str: 23    XL:     8   Next: 83%
Magic:  8/8        EV:  4    Int:  8    God:    the Shining One [*.....]
Gold:   183        SH:  9    Dex: 10    Spells: 0 memorised, 7 levels left

rFire  . . .     SeeInvis +     l - +2 long sword (flame)
rCold  . . .     Gourm    .     d - +0 plate armour
rNeg   . . .     Faith    .     c - +0 shield
rPois  .         Spirit   .     (helmet unavailable)
rElec  .         Dismiss  .     (no cloak)
rCorr  .         Reflect  .     (no gloves)
SustAt .         Harm     .     (no boots)
MR     +....                    (no amulet)
Stlth  ..........               u - ring of invisibility
                                t - ring of protection from magic

@: glowing, somewhat resistant to hostile enchantments, extremely unstealthy
A: permanent stasis, dig shafts and tunnels, four strong arms, antennae 3
a: Dig, Shaft Self, Renounce Religion, Evoke Invisibility


You were on level 6 of the Dungeon.
You worshipped the Shining One.
The Shining One was aware of your devotion.
You were hungry.

You visited 1 branch of the dungeon, and saw 6 of its levels.

You collected 183 gold pieces.

Inventory:

Hand Weapons
 l - a +2 long sword of flaming (weapon)
Armour
 c - a +0 shield (worn)
 d - a +0 plate armour (worn)
Jewellery
 t - a ring of protection from magic (left hand)
 u - a ring of invisibility (right hand)
Wands
 m - a wand of confusion (13/48)
 y - a wand of cold (7/15)
Scrolls
 a - 8 scrolls of remove curse
 b - 2 scrolls of magic mapping
 e - 3 scrolls of identify
 h - a scroll of fog
Potions
 p - a potion of heal wounds
 s - a potion of magic {unknown}
Comestibles
 f - 6 bread rations
 g - 2 slices of pizza
 i - 2 meat rations
 j - 2 fruits
 k - a beef jerky
 w - 2 royal jellies


   Skills:
 + Level 8.4 Fighting
 + Level 7.4 Long Blades
 - Level 3.2 Armour
 - Level 3.6 Shields


You had 7 spell levels left.
You didn't know any spells.

Dungeon Overview and Level Annotations

Branches:
Dungeon (6/15)
 Temple: D:4-7

Altars:
Dithmenos
Gozag
Kikubaaqudgha
Makhleb
Nemelex Xobeh
Okawaru
Qazlal
Zin
The Shining One

Annotations:
D:6 Menkaure


Innate Abilities, Weirdness & Mutations

You are under a permanent stasis effect.
You can dig through walls and to a lower floor.
Your four strong arms can wield two-handed weapons with a shield.
You have a pair of large antennae on your head (SInv).


Message History

You now have 183 gold pieces (gained 13).
b - 2 scrolls of magic mapping You hear the slow hiss of a distant avalanche of sand.
You open the door.
Really walk into a travel-excluded area?
There is an open door here.
Really walk into a travel-excluded area?
Found 8 gold pieces.
Found a scroll labeled BYOCWO QOYS.
Menkaure, Prince of Dust comes into view.
You are engulfed in freezing vapours.
Menkaure forgets how to to speak, silenced by the ages.
Really walk into a travel-excluded area?
You are engulfed in freezing vapours.
You are engulfed in freezing vapours.
You are engulfed in freezing vapours.
* * * LOW HITPOINT WARNING * * *
Menkaure wails, "Why can't you leave me to my rest?"
You are engulfed in freezing vapours.
You die...

##...### ........# #.......
........# ##########......#
......... .................
........# ########.<......#
........##### ##.##....##
{...........#####..##......
######################.
##§§§§@§§§§§§§..[$$!$#.
###.###################. {
#.#§§§§§§§§§§§§.§§§§..#.
#...#################8'8#.
#........M................
#..............###.#......
#............$.....#......
#..................#......
#..........?.......#......


You could see Menkaure.

Vanquished Creatures
  The ghost of JokEr the Skirmisher, a novice FoFi (D:5)
  A centaur (D:5)
  A giant frog zombie (D:6)
  A crimson imp (D:5)
  4 orc priests
  A jelly (D:5)
  2 hounds (D:4)
  A gnoll shaman (D:4)
  Natasha (twice) (D:2)
  A giant frog skeleton (D:5)
  4 orc wizards
  A hound zombie (D:5)
  3 hound skeletons
  Robin (D:4)
  A worker ant zombie (D:5)
  6 adders
  4 gnolls
  4 worms
  A giant gecko (D:4)
  20 orcs
  2 ball pythons (D:2)
  8 giant cockroaches
  11 goblins
  9 hobgoblins
  8 kobolds
  2 quokkas
  18 bats
  2 giant newts
  6 jackals (D:1)
  8 rats
134 creatures vanquished.

Notes
Turn   | Place    | Note
--------------------------------------------------------------
     0 | D:1      | JokEr the Formicid Fighter began the quest for the Orb.
     0 | D:1      | Reached XP level 1. HP: 18/18 MP: 1/1
   121 | D:1      | Reached XP level 2. HP: 14/24 MP: 2/2
   366 | D:1      | Reached XP level 3. HP: 30/30 MP: 3/3
   444 | D:1      | Reached skill level 4 in Fighting
   596 | D:1      | Found a sparkling altar of Nemelex Xobeh.
  1007 | D:2      | Reached XP level 4. HP: 34/37 MP: 4/4
  1222 | D:2      | Noticed Natasha
  1228 | D:2      | Killed Natasha
  1250 | D:2      | Found a glowing silver altar of Zin.
  1251 | D:2      | Found an opulent altar of Gozag.
  1304 | D:2      | Noticed Natasha
  1309 | D:2      | Killed Natasha
  1309 | D:2      | Reached XP level 5. HP: 40/43 MP: 5/5
  1499 | D:2      | Found a stormy altar of Qazlal.
  1897 | D:3      | Reached skill level 5 in Fighting
  2201 | D:3      | Found a burning altar of Makhleb.
  2203 | D:3      | Found a shadowy altar of Dithmenos.
  2210 | D:3      | Found an ancient bone altar of Kikubaaqudgha.
  2212 | D:3      | Found a glowing golden altar of the Shining One.
  2216 | D:3      | Found an iron altar of Okawaru.
  2225 | D:3      | Became a worshipper of the Shining One
  2323 | D:3      | Reached XP level 6. HP: 17/51 MP: 6/6
  2982 | D:4      | Reached skill level 5 in Long Blades
  2994 | D:4      | Reached skill level 6 in Fighting
  2994 | D:4      | Reached XP level 7. HP: 14/58 MP: 7/7
  2996 | D:4      | HP: 2/58 [poisoned by an orc wizard]
  2996 | D:4      | The Shining One protects you from harm!
  3740 | D:4      | Reached * piety under the Shining One
  3744 | D:4      | Noticed Robin
  3755 | D:4      | Killed Robin
  3944 | D:5      | Entered Level 5 of the Dungeon
  4246 | D:5      | Reached skill level 7 in Fighting
  4299 | D:5      | Reached XP level 8. HP: 61/67 MP: 8/8
  4352 | D:5      | Noticed JokEr's ghost (novice FoFi)
  4373 | D:5      | Killed JokEr's ghost
  4373 | D:5      | Reached skill level 8 in Fighting
  5270 | D:6      | Noticed Menkaure
  5284 | D:6      | Engulfed by a cloud of freezing vapour

Vault maps used:
D:1:      wheals_arrival_linesprint, nemelex_diamond_rough_becter
D:2:      grunt_temple_overflow_gold_and_silver,
          nicolae_qazlal_eye_of_the_storm, uniq_natasha
D:3:      minitemple
D:4:      lemuel_upstairs_altar, uniq_robin
D:5:      first_bread
D:6:      lemuel_ice_spiral_2, lemuel_round_altar, lemuel_crystal_altar,
          kennysheep_mini, minmay_temple_entry_glass,
          nicolae_ossuary_entry_plus, uniq_menkaure, uniq_sigmund,
          uniq_blork_the_orc

Action                   |  1- 3 |  4- 6 |  7- 9 || total
-------------------------+-------+-------+-------++-------
Melee: Long sword        |   158 |   120 |   117 ||   395
 Abil: Dig               |       |     1 |     5 ||     6
  Use: Scroll            |     2 |     6 |     7 ||    15
       Potion            |       |     1 |     2 ||     3
  Eat: Chunk             |     1 |     6 |     7 ||    14
